 Dungeon Crawl Stone Soup version 0.28.0-43-g3370ac3207 (webtiles) character file.

Game seed: 4474690897713885898

58 fknight the Chopper (level 4, -5/40 HPs)
             Began as a Hill Orc Monk on Mar 1, 2022.
             Slain by Sigmund
             ... wielding a +0 scythe
              (10 damage)
             ... on level 2 of the Dungeon.
             The game lasted 00:04:48 (2306 turns).

fknight the Chopper (Hill Orc Monk)                 Turns: 2306, Time: 00:04:49

Health: -5/40      AC:  4    Str: 15    XL:     4   Next: 2%
Magic:  4/4        EV: 12    Int: 10    God:
Gold:   100        SH:  0    Dex: 13    Spells: 3/3 levels left

rFire   . . .      SeeInvis .   a - +0 hand axe
rCold   . . .      Faith    .   (no shield)
rNeg    . . .      Spirit   .   l - +0 leather armour
rPois   +          Reflect  .   (no helmet)
rElec   .          Harm     .   (no cloak)
rCorr   .          Rampage  .   (no gloves)
Will    +....                   c - +0 pair of boots
Stlth   ++........              (no amulet)
HPRegen 0.13/turn               (no ring)
MPRegen 0.09/turn               (no ring)

@: lethally poisoned (-5 -> -7)
A: strong-willed 1, poison resistance
a: no special abilities


You were on level 2 of the Dungeon.
You visited 1 branch of the dungeon, and saw 2 of its levels.

You collected 100 gold pieces.

Inventory:

Hand Weapons
 a - a +0 hand axe (weapon)
 d - a +0 spear
Missiles
 f - 76 stones (quivered)
 h - 36 arrows
Armour
 b - a +0 robe
 c - a +0 pair of boots (worn)
 l - a +0 leather armour (worn)
Scrolls
 e - a scroll of magic mapping {unknown}
 i - a scroll of fear {unknown}
 k - a scroll of noise {unknown}


   Skills:
 + Level 4.2 Fighting
 + Level 4.6 Axes
 + Level 2.8 Dodging
 + Level 2.2 Stealth


You had 3 spell levels left.
You didn't know any spells.
Your spell library was empty.

Dungeon Overview and Level Annotations

Branches:
Dungeon (2/15)

Altars:

Shops:
D:2 *

Annotations:
D:2 Sigmund


Innate Abilities, Weirdness & Mutations

You are strong-willed. (Will+)
Your system is resistant to poisons. (rPois)


Message History

The adder is moderately wounded.
The adder bites you but does no damage.
Sigmund hits you from afar with a +0 scythe!
The adder bites you but does no damage.
You hit the adder.
The adder is moderately wounded.
The adder barely misses you.
You hit the adder.
The adder is severely wounded.
The adder misses you. Sigmund completely misses you.
You closely miss the adder.
The adder is severely wounded.
The adder bites you but does no damage.
Sigmund hits you from afar with a +0 scythe.
The adder bites you.
You barely miss the adder.
The adder is severely wounded.
The adder bites you.
You are poisoned.
The adder poisons you!
You miss the adder.
The adder is severely wounded.
You feel sick.
Sigmund hits you from afar with a +0 scythe!
* * * LOW HITPOINT WARNING * * *
The adder bites you.
* * * LOW HITPOINT WARNING * * *
The adder barely misses you.
You barely miss the adder.
The adder is severely wounded.
You feel sick.
Sigmund hits you from afar with a +0 scythe.
* * * LOW HITPOINT WARNING * * *
The adder closely misses you.
You completely miss the adder.
The adder is severely wounded.
You feel sick. The adder bites you.
* * * LOW HITPOINT WARNING * * *
Sigmund hits you from afar with a +0 scythe!
You die...

.......#>#.# ####.#.#.#.#
#.#.#.#.# #.#.#.#.#
####.#รท#.#.######
.....#.#.#......#
######.#.######.#
.......#.# #.#####.#
.#######.# #.@S@...#
.......#.# #########
..####.#.# #.#....#.#
#.#.####.# ###### #.#.#
#.# #....# #.#.####.#
#....###### #.#......#
#.........#
#.##############....####.#


You could see Sigmund and an adder.

Vanquished Creatures
  2 adders (D:2)
  4 ball pythons
  2 endoplasms
  6 hobgoblins
  5 jackals (D:1)
  4 kobolds
  A quokka (D:1)
  3 bats
  3 frilled lizards
  3 goblins (D:2)
  3 rats (D:1)
36 creatures vanquished.

Vanquished Creatures (others)
  A fungus (D:1)
  2 plants (D:1)
3 creatures vanquished.

Grand Total: 39 creatures vanquished

Notes
Turn   | Place    | Note
-------+----------+-------------------------------------------
     0 | D:1      | fknight the Hill Orc Monk began the quest for the Orb.
     0 | D:1      | Reached XP level 1. HP: 19/19 MP: 1/1
   210 | D:1      | Reached XP level 2. HP: 3/27 MP: 2/2
   954 | D:1      | Found a faded altar of an unknown god.
   959 | D:1      | Reached XP level 3. HP: 29/33 MP: 3/3
  1787 | D:2      | Gained mutation: Your system is resistant to poisons.
                  | (rPois) [potion of mutation]
  1787 | D:2      | Gained mutation: You are strong-willed. (Will+) [potion of
                  | mutation]
  2104 | D:2      | Reached XP level 4. HP: 36/40 MP: 4/4
  2161 | D:2      | Found Peguwao's Assorted Antiques.
  2294 | D:2      | Noticed Sigmund
  2306 | D:2      | Slain by Sigmund

Illustrated notes

Levels and vault maps discovered:
D:1:      dpeg_arrival_rooms_c, layout_loops_cross,
          dreamdust_ecumenical_altar_hidden_monk_grotto
D:2:      layout_basic, serial_shops, nicolae_lakefront_shop, uniq_sigmund

Skill      XL: |  1  2 |
---------------+-------+-----
Fighting       | 4 |  4.2
Stealth        | 2 |  2.2
Axes           | |  4.6
Dodging        | |  2.8

Action                   |  1- 3 |  4- 6 || total
-------------------------+-------+-------++-------
Melee: Hand axe          |   105 |    13 ||   118
       Punch             |     3 |       ||     3
  Use: Potion            |     4 |       ||     4
 Stab: Sleeping          |     4 |       ||     4
Armor: Robe              |    22 |       ||    22
       Leather armour    |     3 |     3 ||     6
Dodge: Dodged            |    61 |    11 ||    72
